Map: Torres del ocaso

Players

aliGOD - Winner!

  • Race: Protoss Protoss
  • League: Diamond

Maturtle

  • Race: Terran Terran
  • League: Diamond

VOD

Have the link to the VOD?

Description

Time

  • Played on: Dec. 4, 2015, 6:37 p.m.
  • Length: 9:27
Show
View Real Time Build Order
Export as new Build Order

aliGOD Protoss - Winner!

Build Orders: Zealot Archon, Dark Templar Rush 

Get SALT Encoding   

  12  0:01  Probe (Chrono Boost)  
  13  0:11  Probe (Chrono Boost)  
  14  0:17  Pylon  
  14  0:22  Probe (Chrono Boost)  
  15  0:35  Probe (Chrono Boost)  
  16  0:37  Gateway  
  16  0:42  Assimilator  
  16  0:46  Probe (Chrono Boost)  
  18  0:57  Probe (Chrono Boost)  
  18  1:03  Pylon  
  18  1:07  Probe (Chrono Boost)  
  20  1:18  Probe (Chrono Boost)  
  20  1:24  Cybernetics Core  
  22  1:46  Nexus  
  20  1:52  Probe (Chrono Boost), Assimilator  
  21  2:01  Adept (Chrono Boost)  
  21  2:02  Probe  
  21  2:04  Warp Gate  
  24  2:15  Twilight Council  
  24  2:25  Probe  
  25  2:38  Probe  
  28  2:54  Dark Shrine  
  28  2:55  Gateway  
  26  2:59  Probe  
  27  3:17  Robotics Facility  
  27  3:18  Probe  
  27  3:21  Probe  
  29  3:29  Probe  
  29  3:32  Pylon  
  29  3:33  Probe  
  31  3:40  Mothership Core (Chrono Boost)  
  33  3:45  Probe (Chrono Boost), Pylon  
  34  3:57  Probe (Chrono Boost)  
  34  4:00  Probe (Chrono Boost)  
  36  4:03  Warp Prism  
  36  4:07  Probe (Chrono Boost)  
  39  4:10  Probe (Chrono Boost)  
  39  4:14  Assimilator  
  40  4:18  Probe (Chrono Boost), Assimilator  
  40  4:20  Forge  
  40  4:21  Probe (Chrono Boost)  
  42  4:28  Probe (Chrono Boost)  
  43  4:31  Dark Templar x2, Probe (Chrono Boost)  
  48  4:39  Probe (Chrono Boost)  
  48  4:41  Probe (Chrono Boost)  
  48  4:42  Pylon, Charge (Chrono Boost)  
  50  4:49  Probe, Observer  
  50  4:51  Probe  
  53  5:01  Probe x2  
  53  5:02  Protoss Ground Armor Level 1 (Chrono Boost)  
  55  5:12  Probe  
  55  5:13  Probe  
  57  5:14  Zealot x2  
  61  5:22  Probe  
  61  5:26  Probe  
  59  5:32  Immortal  
  59  5:33  Probe  
  64  5:38  Pylon  
  64  5:39  Pylon  
  64  5:43  Pylon  
  64  5:44  Pylon  
  64  5:45  Dark Templar x2  
  68  6:02  Gateway x2  
  68  6:04  Gateway x2  
  68  6:08  Gateway  
  68  6:15  Immortal  
  72  6:18  Archon  
  72  6:19  Dark Templar  
  72  6:22  Dark Templar  
  76  6:37  Archon  
  76  6:39  Nexus  
  76  6:42  Pylon  
  76  6:56  Protoss Ground Armor Level 2 (Chrono Boost), Probe  
  77  7:01  Dark Templar x2  
  77  7:04  Immortal  
  77  7:06  Archon  
  85  7:09  Sentry x2  
  85  7:11  Zealot x2  
  93  7:18  Pylon  
  93  7:26  Probe x2  
  95  7:30  Dark Templar  
  95  7:31  Pylon  
  95  7:32  Dark Templar  
  99  7:38  Probe  
  99  7:40  Probe  
  99  7:41  Pylon  
  101  7:45  Pylon, Archon  
  101  7:47  Zealot x2  
  101  7:50  Probe, Zealot  
  108  7:53  Probe  
  108  7:55  Probe  
  110  8:02  Probe  
  110  8:03  Sentry x2  
  115  8:05  Zealot x2  
  115  8:12  Pylon  
  119  8:13  Probe  
  119  8:15  Zealot  
  119  8:16  Zealot x2  
  126  8:30  Zealot x4  
  134  8:36  Zealot x3  
  132  8:55  Dark Templar x4  
  134  8:58  Dark Templar x2  
  134  9:00  Zealot  
  134  9:01  Archon x2  
  134  9:02  Archon  
Show
View Real Time Build Order
Export as new Build Order

Maturtle Terran 

Build Orders: Reaper Expand, MMM Bio 

Get SALT Encoding   

  12  0:01  SCV  
  13  0:13  SCV  
  14  0:17  Supply Depot  
  14  0:25  SCV  
  15  0:39  SCV  
  15  0:41  Barracks  
  16  0:45  Refinery  
  16  0:51  SCV  
  17  1:03  SCV  
  18  1:15  SCV  
  19  1:29  Orbital Command  
  19  1:30  Reaper  
  20  1:44  Command Center  
  20  1:56  SCV  
  20  1:57  Supply Depot  
  21  2:04  Barracks Reactor  
  21  2:08  SCV  
  22  2:20  SCV  
  23  2:23  Factory  
  23  2:32  SCV  
  24  2:38  Engineering Bay  
  24  2:41  Marine x2  
  26  2:44  SCV  
  26  2:50  Refinery  
  27  2:56  Orbital Command  
  27  2:57  SCV  
  28  2:59  Marine x2  
  30  3:06  Missile Turret  
  30  3:16  Factory Tech Lab  
  29  3:20  Missile Turret  
  29  3:23  SCV  
  29  3:24  Missile Turret  
  30  3:27  Marine x2  
  30  3:29  SCV  
  33  3:35  Supply Depot  
  33  3:36  Cyclone  
  36  3:45  SCV x2  
  36  3:47  Marine x2  
  40  3:51  Supply Depot  
  40  3:57  SCV x2  
  42  4:09  SCV  
  43  4:12  Barracks  
  43  4:13  Cyclone  
  43  4:14  Barracks  
  46  4:18  SCV  
  46  4:22  SCV, Marine x2  
  50  4:30  SCV  
  51  4:32  Starport  
  51  4:35  Terran Infantry Weapons Level 1  
  51  4:41  SCV  
  51  4:42  SCV  
  51  4:44  Marine x2  
  55  4:55  Refinery  
  55  4:57  Refinery  
  55  5:00  Barracks Tech Lab  
  55  5:06  SCV x2  
  57  5:10  Factory Reactor  
  57  5:11  Stimpack, Starport Tech Lab  
  57  5:12  Marine x2  
  57  5:13  Marauder  
  61  5:15  Supply Depot  
  61  5:17  Supply Depot  
  61  5:24  SCV x2  
  62  5:33  Combat Shields  
  62  5:39  Engineering Bay  
  62  5:43  Missile Turret  
  62  5:44  SCV x2  
  64  5:53  Marauder, Marine x2  
  64  5:54  Barracks, Marauder  
  70  5:59  Factory Tech Lab, Barracks  
  70  6:01  Medivac  
  70  6:03  SCV  
  73  6:06  Supply Depot  
  73  6:09  Medivac  
  75  6:22  SCV  
  75  6:23  Command Center, SCV  
  77  6:31  Factory Tech Lab  
  77  6:32  Marauder, Marine x2  
  81  6:42  Terran Infantry Armor Level 1  
  81  6:43  Concussive Shells  
  81  6:47  Viking  
  81  6:50  Marine  
  81  6:51  Medivac  
  86  6:58  SCV  
  86  6:59  Supply Depot  
  86  7:01  Supply Depot  
  86  7:13  Supply Depot  
  86  7:21  SCV, Marauder, Marine x3  
  86  7:22  Armory  
  92  7:24  Marine  
  92  7:25  Marine  
  92  7:29  SCV  
  95  7:38  Marine x2  
  97  7:47  Medivac x2, Marauder x2  
  97  7:49  Missile Turret  
  97  7:50  SCV  
  106  7:55  Orbital Command  
  106  7:56  Missile Turret  
  106  8:01  Sensor Tower  
  106  8:03  Marauder, Marine x2  
  106  8:05  Starport  
  110  8:06  SCV  
  110  8:07  SCV  
  112  8:18  Supply Depot, SCV  
  112  8:19  SCV  
  114  8:21  SCV  
  113  8:31  SCV x2  
  113  8:34  SCV  
  116  8:41  Ghost Academy, Marine x2  
  116  8:42  Marauder  
  116  8:43  SCV  
  116  8:44  Command Center  
  116  8:46  Marine  
  110  8:48  Marine  
  110  8:49  Marauder  
  92  8:59  Marine x2, Starport Reactor  
  94  9:03  Marauder  
  94  9:07  Refinery x2  
  97  9:10  SCV x3  
Tags
 
Add a new tag
Caveats
  • Supply blocks, unpowered buildings, or Contaminate may cause inaccurate times.
  • Supply counts are checked every 10 seconds.